Map: [ESL] Goldenaura

Players

Classic

  • Race: Protoss Protoss
  • Spawn Location: 12:00

Elazer - Winner!

  • Race: Zerg Zerg
  • Spawn Location: 5:00

Event: ESL Spring 2024 Finals

VOD

Have the link to the VOD?

Description

Time

  • Played on: June 1, 2024, 11:03 a.m.
  • Length: 7:40

All games in this series

Show
View Real Time Build Order
Export as new Build Order

Classic Protoss 

Build Orders: 1 Gate Expand, Oracle Opening 

Get SALT Encoding   

  12  0:00  Probe  
  13  0:12  Probe  
  14  0:18  Pylon  
  14  0:24  Probe (Chrono Boost)  
  15  0:36  Probe (Chrono Boost)  
  15  0:38  Gateway  
  16  0:45  Probe (Chrono Boost)  
  16  0:47  Assimilator  
  17  0:51  Probe  
  18  1:03  Probe  
  19  1:15  Probe  
  20  1:24  Nexus  
  20  1:27  Probe  
  21  1:39  Cybernetics Core  
  21  1:41  Probe  
  21  1:46  Assimilator  
  22  1:53  Pylon  
  22  1:56  Probe  
  23  2:11  Probe  
  23  2:12  Adept (Chrono Boost)  
  26  2:17  Stargate  
  26  2:23  Probe  
  26  2:25  Warp Gate  
  27  2:35  Stalker, Probe (Chrono Boost)  
  30  2:37  Probe (Chrono Boost)  
  32  2:45  Probe (Chrono Boost)  
  32  2:46  Probe (Chrono Boost)  
  32  2:50  Probe (Chrono Boost)  
  33  2:51  Probe (Chrono Boost)  
  35  3:00  Oracle (Chrono Boost)  
  35  3:02  Probe  
  35  3:03  Probe  
  40  3:08  Pylon  
  40  3:14  Probe  
  40  3:15  Probe  
  42  3:21  Adept  
  42  3:26  Probe  
  45  3:27  Probe  
  45  3:31  Oracle (Chrono Boost)  
  45  3:33  Gateway  
  47  3:38  Probe  
  47  3:39  Probe  
  49  3:49  Nexus  
  49  3:52  Pylon  
  49  3:54  Probe  
  50  3:56  Probe  
  50  4:02  Oracle  
  54  4:03  Assimilator  
  54  4:08  Assimilator  
  56  4:10  Probe x2  
  56  4:13  Pylon  
  56  4:18  Adept  
  56  4:22  Probe x2  
  60  4:29  Adept  
  62  4:34  Twilight Council  
  62  4:36  Forge, Probe x2  
  64  4:48  Gateway  
  64  4:49  Probe x2  
  64  4:51  Gateway  
  66  5:01  Probe x2  
  62  5:09  Protoss Ground Weapons Level 1  
  62  5:11  Blink  
  62  5:12  Gateway  
  62  5:13  Gateway, Probe (Chrono Boost)  
  62  5:14  Probe x2 (Chrono Boost)  
  65  5:17  Stalker  
  65  5:20  Stalker  
  69  5:23  Probe x2 (Chrono Boost)  
  69  5:24  Probe (Chrono Boost)  
  72  5:28  Shield Battery  
  72  5:31  Pylon  
  72  5:33  Probe x3  
  75  5:38  Assimilator  
  75  5:44  Assimilator  
  75  5:45  Probe x3  
  75  5:47  Pylon  
  78  5:54  Templar Archives  
  78  5:57  Probe x2  
  78  5:58  Probe  
  78  6:02  Robotics Facility  
  78  6:04  Pylon  
  81  6:06  Stalker  
  81  6:07  Stalker, Zealot x2  
  89  6:13  Gateway  
  89  6:14  Gateway  
  89  6:17  Pylon  
  89  6:19  Psionic Storm  
  89  6:28  Nexus  
  89  6:30  Pylon  
  89  6:31  Probe x2  
  89  6:32  Probe  
  92  6:38  High Templar x3  
  98  6:42  High Templar  
  98  6:43  Zealot  
  102  6:49  Probe x3  
  102  6:52  Photon Cannon  
  102  6:54  Observer  
  106  6:56  Robotics Facility  
  106  7:01  Photon Cannon  
  106  7:02  Shield Battery, Probe x3  
  106  7:03  Forge  
  109  7:18  Stalker x3  
  119  7:26  Zealot x2  
  119  7:27  Zealot  
Show
View Real Time Build Order
Export as new Build Order

Elazer Zerg - Winner!

Build Orders: Hatch First 

Get SALT Encoding   

  12  0:00  Drone  
  13  0:12  Overlord  
  13  0:17  Drone  
  14  0:30  Drone x2  
  16  0:49  Hatchery  
  15  0:52  Drone  
  15  0:56  Drone  
  17  0:59  Drone  
  18  1:09  Extractor  
  17  1:15  Spawning Pool  
  16  1:19  Drone  
  16  1:23  Drone  
  18  1:30  Drone  
  19  1:38  Drone  
  20  1:49  Overlord  
  20  2:02  Queen x2, Zergling x2  
  20  2:05  Drone  
  26  2:12  Drone x2  
  26  2:14  Metabolic Boost  
  28  2:22  Drone  
  29  2:23  Drone  
  30  2:36  Hatchery  
  29  2:42  Queen  
  31  2:45  Drone  
  31  2:47  Drone  
  31  2:51  Overlord  
  33  2:54  Drone  
  33  2:56  Drone  
  36  2:58  Drone  
  36  3:11  Queen  
  36  3:12  Overlord  
  38  3:13  Drone x2  
  40  3:24  Drone x4  
  42  3:27  Drone  
  42  3:29  Queen  
  45  3:36  Overlord  
  45  3:38  Drone  
  46  3:44  Spore Crawler  
  46  3:46  Spore Crawler  
  44  3:50  Drone x6  
  50  3:59  Overlord  
  50  4:00  Drone  
  50  4:01  Drone x2  
  53  4:03  Drone x2  
  57  4:11  Drone  
  57  4:15  Overlord  
  57  4:16  Queen  
  58  4:18  Drone x4  
  58  4:22  Zergling x4  
  64  4:29  Overlord  
  64  4:32  Drone x2  
  64  4:34  Overlord  
  64  4:35  Zergling x4  
  68  4:38  Evolution Chamber  
  68  4:39  Zergling x8  
  68  4:45  Drone x2  
  73  4:46  Drone  
  73  4:47  Drone  
  73  4:48  Drone  
  73  4:51  Overlord  
  76  4:54  Roach Warren  
  76  4:59  Drone x6  
  80  5:05  Zerg Melee Weapons Level 1  
  76  5:08  Spore Crawler, Drone x4  
  76  5:10  Drone x2  
  82  5:19  Hatchery, Drone, Extractor  
  82  5:21  Extractor  
  80  5:22  Extractor  
  80  5:23  Drone x2  
  80  5:25  Zergling x6  
  84  5:28  Zergling x4  
  84  5:29  Zergling x2  
  84  5:30  Lair  
  84  5:32  Overlord  
  87  5:37  Zergling x4  
  87  5:40  Zergling x6  
  92  5:50  Zergling x6  
  92  5:54  Pneumatized Carapace  
  92  5:55  Overlord  
  92  5:56  Queen  
  97  5:59  Zergling x16  
  105  6:06  Overlord x2  
  105  6:08  Drone, Overlord, Spore Crawler  
  105  6:11  Overlord  
  105  6:13  Overlord  
  105  6:22  Overlord  
  105  6:33  Roach  
  105  6:34  Roach x9  
  105  6:37  Roach  
  105  6:38  Roach  
  129  6:43  Roach x2  
  129  6:44  Roach  
  134  6:50  Zergling x6  
  135  6:58  Ravager x2  
  135  6:59  Zergling x14  
  144  7:03  Zergling x2  
  145  7:10  Ravager x2  
  145  7:13  Zergling x10  
  156  7:18  Zergling x4  
  156  7:21  Zergling x2  
Tags
 
Add a new tag
Caveats
  • Supply blocks, unpowered buildings, or Contaminate may cause inaccurate times.
  • Supply counts are checked every 10 seconds.